Map: Coda LE

Players

HTOMario

  • Race: Terran Terran
  • Spawn Location: 5:00

Nerchio - Winner!

  • Race: Zerg Zerg
  • Spawn Location: 11:00

Event: LycanGTV LotV Beta Tournament 1

VOD

Have the link to the VOD?

Description

Time

  • Played on: April 2, 2015, 1:16 p.m.
  • Length: 11:13

All games in this series

Show
View Real Time Build Order
Export as new Build Order

HTOMario Terran 

Build Orders: Command Center First (CC), Mech, Siege Tank Drop 

Get SALT Encoding   

  12  0:00  SCV  
  13  0:14  SCV  
  14  0:24  Supply Depot  
  14  0:26  SCV  
  15  0:54  Command Center  
  15  0:57  SCV  
  16  1:10  Barracks  
  16  1:13  SCV  
  17  1:24  Refinery  
  17  1:25  SCV  
  18  1:28  Refinery  
  18  1:37  SCV  
  20  1:58  Marine, Orbital Command  
  20  2:06  Orbital Command  
  20  2:17  Factory  
  20  2:22  Barracks Reactor  
  20  2:27  SCV  
  20  2:32  SCV  
  21  2:39  SCV  
  22  2:44  SCV  
  22  2:51  SCV  
  24  2:56  SCV  
  25  3:02  Marine x2  
  25  3:04  Factory Tech Lab, Starport  
  27  3:06  SCV  
  27  3:08  SCV  
  29  3:14  Supply Depot  
  29  3:18  SCV  
  30  3:20  SCV  
  30  3:21  Marine x2  
  30  3:24  Siege Tank  
  36  3:30  SCV  
  36  3:32  SCV  
  38  3:37  Supply Depot  
  38  3:42  SCV, Refinery  
  38  3:43  Marine x2  
  38  3:44  SCV  
  38  3:45  Medivac  
  36  3:57  Siege Tank  
  36  4:00  Supply Depot x2  
  34  4:08  Orbital Command  
  34  4:10  SCV  
  34  4:11  Marine x2  
  34  4:16  Supply Depot  
  35  4:37  Medivac  
  35  4:38  SCV  
  38  4:42  Supply Depot  
  38  4:45  Siege Tank  
  41  4:47  Marine  
  41  4:48  Marine  
  41  4:49  SCV  
  44  4:58  Supply Depot  
  44  5:02  SCV  
  45  5:19  Siege Tank  
  45  5:21  Marine x2  
  45  5:26  Viking  
  45  5:28  SCV x2  
  51  5:30  Supply Depot  
  51  5:40  SCV x2  
  53  5:49  Marine  
  53  5:50  Marine  
  53  5:52  SCV x2  
  53  5:53  Armory  
  57  6:04  SCV  
  57  6:06  Supply Depot  
  57  6:07  SCV  
  59  6:13  Viking  
  59  6:14  Cyclone  
  59  6:15  Marine x2  
  62  6:26  SCV x2  
  62  6:30  Missile Turret  
  64  6:36  Supply Depot  
  64  6:37  Supply Depot  
  64  6:38  SCV x2  
  66  6:45  Command Center  
  66  6:59  Cyclone, Marine x2  
  66  7:00  Viking  
  73  7:02  SCV x2  
  73  7:05  Missile Turret  
  75  7:08  Refinery  
  75  7:10  Terran Vehicle and Ship Weapons Level 1  
  75  7:14  SCV x2  
  77  7:26  SCV x2  
  77  7:27  Factory  
  77  7:33  Factory  
  75  7:37  Thor  
  75  7:38  SCV  
  75  7:39  SCV  
  75  7:40  Starport Tech Lab  
  83  7:47  Supply Depot x2  
  83  7:51  SCV x2  
  85  8:03  SCV x2, Orbital Command  
  87  8:18  Factory  
  87  8:20  SCV x2  
  87  8:22  Supply Depot  
  87  8:23  Supply Depot  
  87  8:24  Thor  
  87  8:25  Hellion x2  
  99  8:31  Thor  
  105  8:38  Barracks Reactor  
  105  8:46  SCV x2  
  107  8:52  Hellion  
  107  8:53  Hellion, Infernal Pre-Igniter  
  111  8:58  Orbital Command  
  111  9:13  Missile Turret  
  111  9:17  SCV x2  
  113  9:29  Refinery, Missile Turret  
  113  9:30  SCV x2  
  115  9:32  Missile Turret  
  115  9:33  Refinery  
  115  9:40  Cyclone  
  115  9:41  Cyclone, Hellion  
  115  9:42  Hellion x3  
  128  9:47  SCV x2  
  116  10:03  Hellion x2  
  104  10:13  Cyclone x2  
  96  10:16  SCV  
  70  10:28  Orbital Command  
  70  10:31  Hellion x3  
  70  10:32  Hellion, Viking  
  70  10:34  SCV x2  
  72  10:45  Hellion  
Show
View Real Time Build Order
Export as new Build Order

Nerchio Zerg - Winner!

Build Orders: Hatch First, Swarm Host 

Get SALT Encoding   

  12  0:01  Drone  
  13  0:12  Overlord  
  13  0:17  Drone  
  14  0:31  Drone x2  
  16  0:37  Drone  
  17  0:45  Drone  
  18  0:56  Hatchery  
  17  0:59  Drone  
  18  1:08  Extractor  
  17  1:14  Spawning Pool  
  17  1:17  Drone  
  17  1:20  Drone  
  18  1:28  Drone  
  19  1:38  Overlord  
  19  2:01  Zergling x2, Queen  
  20  2:03  Drone  
  20  2:08  Metabolic Boost  
  23  2:09  Queen  
  23  2:10  Drone  
  23  2:13  Drone  
  27  2:19  Drone  
  28  2:24  Drone  
  29  2:31  Drone  
  29  2:33  Drone  
  31  2:40  Drone  
  31  2:43  Drone  
  33  2:50  Overlord  
  33  2:53  Hatchery  
  32  3:10  Zergling x14  
  39  3:14  Zergling x2  
  40  3:20  Zergling x2  
  40  3:23  Queen  
  40  3:24  Overlord  
  43  3:30  Zergling x2  
  44  3:37  Overlord  
  44  3:41  Extractor  
  44  3:46  Drone  
  44  3:47  Drone x4  
  48  3:51  Drone  
  48  3:55  Drone x4  
  52  3:57  Lair  
  52  3:58  Drone  
  53  4:05  Drone  
  53  4:06  Drone  
  52  4:10  Queen  
  52  4:13  Queen  
  56  4:20  Extractor  
  56  4:24  Drone x5  
  56  4:27  Drone x2  
  56  4:28  Drone  
  61  4:31  Overlord  
  61  4:33  Drone  
  61  4:35  Drone  
  61  4:38  Drone, Extractor  
  63  4:39  Drone  
  63  4:42  Overlord  
  64  4:47  Overlord  
  64  4:49  Drone  
  64  4:50  Drone  
  66  4:59  Drone  
  68  5:00  Drone, Spire  
  67  5:12  Drone x6  
  73  5:17  Drone x3  
  76  5:27  Drone x6, Extractor  
  76  5:28  Drone x4  
  85  5:30  Extractor  
  84  5:36  Evolution Chamber, Overlord  
  84  5:37  Evolution Chamber  
  84  5:41  Overlord  
  84  5:42  Overlord  
  82  5:43  Overlord  
  82  5:47  Overlord  
  82  6:04  Zerg Ground Armor Level 1  
  82  6:05  Zerg Melee Weapons Level 1  
  82  6:06  Overseer  
  82  6:11  Mutalisk x4  
  82  6:12  Mutalisk x3  
  82  6:14  Zergling x2  
  82  6:15  Zergling x12  
  82  6:17  Zergling x2  
  82  6:18  Zergling x4  
  103  6:19  Zergling x2  
  103  6:21  Zergling x2  
  104  6:27  Zergling x4  
  104  6:28  Zergling x6  
  104  6:29  Infestation Pit  
  104  6:32  Zergling x4  
  109  6:34  Zergling x2  
  109  6:35  Zergling x4  
  109  6:36  Zergling x2  
  113  6:51  Zerg Flyer Weapons Level 1  
  113  6:54  Hatchery  
  113  6:58  Drone x9  
  113  7:00  Overlord  
  121  7:06  Hive  
  121  7:11  Overlord x5  
  121  7:19  Extractor  
  120  7:46  Swarm Host x5  
  140  7:54  Swarm Host, Extractor  
  140  7:56  Zergling x26  
  140  7:57  Zergling x2  
  156  8:02  Pneumatized Carapace  
  156  8:07  Overlord  
  156  8:10  Zerg Missile Weapons Level 1  
  156  8:12  Flying Locusts  
  156  8:16  Zerg Melee Weapons Level 2  
  156  8:19  Overlord  
  156  8:27  Swarm Host  
  160  8:37  Adrenal Glands  
  160  8:53  Swarm Host  
  160  8:55  Swarm Host  
  168  9:09  Zergling x34  
  186  9:10  Zergling x8  
  186  9:16  Hatchery  
  185  9:17  Overlord  
  185  9:19  Overlord  
  185  9:24  Ultralisk Cavern  
  185  9:29  Hatchery  
  183  9:32  Hatchery  
  183  9:33  Overlord  
  174  9:56  Swarm Host x2  
  174  9:57  Swarm Host x3  
  188  10:00  Swarm Host  
  191  10:08  Swarm Host  
  191  10:13  Zergling x2  
  191  10:14  Zergling x24  
  182  10:22  Zergling x2  
  182  10:23  Zergling x4  
  179  10:30  Zergling x4  
  179  10:32  Zergling x4  
  179  10:33  Queen  
  176  10:47  Zergling x18  
  176  10:48  Zergling x16  

Tags
 
Add a new tag
Caveats
  • Supply blocks, unpowered buildings, or Contaminate may cause inaccurate times.
  • Supply counts are checked every 10 seconds.